[Event "GrandPrix_29.05"]
[Site "Chess.com"]
[Date "2020.05.29"]
[Round "1"]
[White "jafarlib"]
[Black "Todorovic1991"]
[Result "0-1"]
[WhiteElo "2168"]
[BlackElo "1467"]
[TimeControl "600+2"]
[EndTime "9:16:37 PDT"]
[Termination "Todorovic1991 won by resignation"]

1. e4 d6 2. d4 Nf6 3. Nc3 g6 4. Be3 c6 5. Qd2 b5 6. f3 Nbd7 7. O-O-O Bb7 8. g4 Nb6 9. Bd3 a6 10. Kb1 Nfd7 11. h4 h5 12. gxh5 Rxh5 13. Nce2 c5 14.
c3 e5 15. Ng3 Rh8 16. h5 gxh5 17. Nf5 Qc7 18. d5 c4 19. Bc2 O-O-O 20. Ne2 Nc5 21. Neg3 Kb8 22. Bg5 Re8 23. Nxh5 Rc8 24. f4 exf4 25.
Bxf4 Nbd7 26. Qd4 Ne5 27. Bxe5 dxe5 28. Qe3 Bd6 29. Nhg7 Nd7 30. Nxd6 Qxd6 31. Nf5 Qc5 32. Qf3 b4 33. cxb4 Qxb4 34. a3 Qb5 35. Qc3 f6 36. Nd6 Qb6 37. Nxc8 Rxc8 38. Rh7 Nc5 39. Qxc4 a5 40.
Qf1 Ba6 41. Qf5 Ka8 42. Ka1 Rb8 43. Rb1 Bd3 44. Bxd3 Nb3+ 45. Ka2 Nc1+ 46. Ka1 Qb3 47. Bc4 Qxc4 48. b3 Qc3+ 49. Rb2 Nxb3+ 0-1

[Event "GrandPrix_29.05"]
[Site "Chess.com"]
[Date "2020.05.29"]
[Round "1"]
[White "cantdefyme"]
[Black "Micki-taryan"]
[Result "0-1"]
[WhiteElo "2079"]
[BlackElo "2507"]
[TimeControl "600+2"]
[EndTime "9:17:21 PDT"]
[Termination "Micki-taryan won by resignation"]

1. e4 c5 2. Nf3 Nc6 3. d4 cxd4 4. Nxd4 e5 5. Nb5 d6 6. c4 Be7 7. N5c3 Nf6 8. Be2 O-O 9. O-O Be6 10. Be3 Nd7 11.
Nd5 f5 12. exf5 Bxf5 13. Nbc3 Nf6 14. Nxf6+ gxf6 15. Bd3 Bxd3 16. Qxd3 f5 17. f3 Kh8 18.
Nd5 Rf7 19. Rad1 Bf8 20. Kh1 Qh4 21. Bf2 Qh5 22. Be1 Re8 23. Bc3 Re6 24. Nf4 Qh6 25.
Nxe6 Qxe6 26. Qd5 Qg6 27. f4 Rg7 28. fxe5 dxe5 29. Rd3 Ne7 30. Qxb7 Nc6 31. Rg3 Rxb7 32. Rxg6 hxg6 0-1

[Event "GrandPrix_29.05"]
[Site "Chess.com"]
[Date "2020.05.29"]
[Round "1"]
[White "DinaBelenkaya"]
[Black "AmilAbbasov"]
[Result "1-0"]
[WhiteElo "1549"]
[BlackElo "2209"]
[TimeControl "600+2"]
[EndTime "9:17:24 PDT"]
[Termination "DinaBelenkaya won by resignation"]

1. e4 c5 2. Nc3 Nc6 3. g3 g6 4.
Bg2 Bg7 5. Nge2 d6 6. d3 e5 7. Nd5 Nge7 8. Bg5 O-O 9. Qd2 f6 10. Bh6 Be6 11. h4 Nd4 12. Bxg7 Kxg7 13. h5 g5 14. h6+ Kh8 15. f4 exf4 16. gxf4 Nxd5 17. exd5 Bg4 18. Nxd4 cxd4 19. O-O gxf4 20. Qxf4 f5 21.
Rae1 Rf6 22. Re6 Rxe6 23. dxe6 Qf6 24. Qxg4 1-0

[Event "GrandPrix_29.05"]
[Site "Chess.com"]
[Date "2020.05.29"]
[Round "1"]
[White "VMikhalevski"]
[Black "Arasvard"]
[Result "1-0"]
[WhiteElo "2608"]
[BlackElo "2139"]
[TimeControl "600+2"]
[EndTime "9:17:28 PDT"]
[Termination "VMikhalevski won by resignation"]

1. Nf3 Nf6 2. g3 g6 3. Bg2 Bg7 4. d4 O-O 5. O-O d6 6. b3 c5 7. Bb2 Ne4 8. Qc1 cxd4 9. Nxd4 f5 10. c4 Nc6 11. Nxc6 bxc6 12. Bxg7 Kxg7 13. Nc3 d5 14. Rd1 Qb6 15. e3 e6 16. Qb2 Kg8 17. Rac1 Bd7 18. Bxe4 fxe4 19. Nxe4 Qd8 20. Nc5 Bc8 21. e4 Qg5 22. cxd5 exd5 23. exd5 cxd5 24. Qd4 Rf5 25. Re1 1-0

[Event "GrandPrix_29.05"]
[Site "Chess.com"]
[Date "2020.05.29"]
[Round "1"]
[White "Lion_DL"]
[Black "Arm-Akiba"]
[Result "0-1"]
[WhiteElo "2149"]
[BlackElo "2742"]
[TimeControl "600+2"]
[EndTime "9:17:40 PDT"]
[Termination "Arm-Akiba won by resignation"]

1. e4 e5 2. f4 d5 3. exd5 exf4 4. Nf3 Nf6 5. Bc4 Bd6 6. O-O O-O 7. d4 Bg4 8. Bb3 c6 9. dxc6 Nxc6 10. c3 Re8 11. Na3 Bxa3 12. bxa3 Nd5 13. Bxd5 Qxd5 14. Bxf4 Na5 15. Qa4 Re2 16. Rae1 Bxf3 17. gxf3 Re6 18. Rxe6 fxe6 19. Be5 Nc4 20. Qb4 Re8 21. Rf2 b6 22. Qa4 Re7 23. Bf4 b5 24. Qa6 Qb7 25. Qxb7 Rxb7 26.
Bc1 Nb6 27. Re2 Kf7 28. Re5 Nd5 29. Bd2 Rc7 30. Kf2 Rc4 31. f4 g6 32. h4 Ra4 33. h5 Rxa3 34. hxg6+ hxg6 35. Kf3 Rxa2 36. Be1 a5 0-1

[Event "GrandPrix_29.05"]
[Site "Chess.com"]
[Date "2020.05.29"]
[Round "1"]
[White "Haykos"]
[Black "kpio91"]
[Result "0-1"]
[WhiteElo "2177"]
[BlackElo "2666"]
[TimeControl "600+2"]
[EndTime "9:17:53 PDT"]
[Termination "kpio91 won by checkmate"]

1. e4 c5 2. Nf3 d6 3. Bb5+ Nc6 4.
O-O Nf6 5. Re1 a6 6. Bxc6+ bxc6 7. h3 e5 8. c3 Be7 9. d4 cxd4 10. cxd4 Nd7 11.
Nc3 O-O 12. dxe5 dxe5 13. b3 Qc7 14. Bb2 Nb6 15. Rc1 Qb8 16. Na4 Nxa4 17. Bxe5 Qb6 18. bxa4 Be6 19. Qc2 c5 20. Rb1 Qc6 21. Nd4 Qd7 22.
Nxe6 Qxe6 23. f4 c4 24. Qc3 f6 25. Bd4 Rab8 26. f5 Qc6 27. e5 Rxb1 28. Rxb1 fxe5 29. Bxe5 Rxf5 30. a5 Bc5+ 31. Kh1 Qe4 32. Bg3 Qxb1+ 33. Kh2 Qg1# 0-1

[Event "GrandPrix_29.05"]
[Site "Chess.com"]
[Date "2020.05.29"]
[Round "1"]
[White "lelajavakhishvili"]
[Black "gross-aleks"]
[Result "1-0"]
[WhiteElo "2550"]
[BlackElo "2084"]
[TimeControl "600+2"]
[EndTime "9:17:56 PDT"]
[Termination "lelajavakhishvili won by resignation"]

1. d4 Nf6 2. c4 e6 3. Nf3 b6 4. g3 Ba6 5. b3 d5 6. cxd5 exd5 7.
Bg2 Bb4+ 8. Bd2 Be7 9. O-O Ne4 10. Nc3 Nxd2 11. Qxd2 c6 12. Ne5 O-O 13. a3 Qd6 14.
Rfc1 Bb7 15. e4 Nd7 16. exd5 Nxe5 17. dxe5 Qxe5 18. dxc6 Ba6 19. Re1 Qg5 20. Qxg5 Bxg5 21. Nd5 Rad8 22. h4 Bh6 23. Rad1 Bc8 24. c7 Rd7 25.
Ne7+ Kh8 26. Rxd7 Bxd7 27. Rd1 1-0

[Event "GrandPrix_29.05"]
[Site "Chess.com"]
[Date "2020.05.29"]
[Round "1"]
[White "szachuspl"]
[Black "bratkoo"]
[Result "0-1"]
[WhiteElo "2277"]
[BlackElo "2326"]
[TimeControl "600+2"]
[EndTime "9:18:00 PDT"]
[Termination "bratkoo won by resignation"]

1. d4 e6 2. c4 d5 3. Nc3 c6 4. e4 dxe4 5. Nxe4 Bb4+ 6. Bd2 Qxd4 7. Bxb4 Qxe4+ 8. Be2 Na6 9. Bf8 Ne7 10. Bxg7 Qxg2 11. Bxh8 Qxh1 12. Kf1 e5 13. Bg4 Qe4 14. Be2 Be6 15. Bf6 Bxc4 16. Qd6 Bxe2+ 17. Nxe2 Nd5 18. Rd1 Nac7 19. Ng3 Qf3 20. Qxe5+ Ne6 21. Rxd5 Qxd5 22. Qe3 Kd7 23. Ne4 Qd1+ 24. Kg2 Rg8+ 25. Ng3 Qd5+ 26. f3 Kc8 27. Bc3 b6 28. a3 f5 29. Qh6 Rg6 30.
Qxh7 Nf4+ 31. Kf2 Qc5+ 32. Kf1 Qe3 33. Qh8+ Kb7 34. Qd4 Qxf3+ 35. Qf2 Qd3+ 0-1

[Event "GrandPrix_29.05"]
[Site "Chess.com"]
[Date "2020.05.29"]
[Round "1"]
[White "Karateloru"]
[Black "swisspower96"]
[Result "0-1"]
[WhiteElo "2053"]
[BlackElo "2531"]
[TimeControl "600+2"]
[EndTime "9:18:06 PDT"]
[Termination "swisspower96 won by resignation"]

1. e4 c5 2. Nf3 Nc6 3. d4 cxd4 4. Nxd4 Nf6 5. Nc3 e5 6. Ndb5 d6 7. Bg5 a6 8. Na3 b5 9. Nd5 Be7 10. Bxf6 Bxf6 11. c3 Rb8 12. Nc2 Bg5 13. a4 bxa4 14.
Ncb4 Nxb4 15. cxb4 Bd7 16. Bxa6 O-O 17. O-O Qe8 18.
b3 axb3 19. Qxb3 Kh8 20. Rab1 f5 21. exf5 Bxf5 22. b5 Bxb1 23. Rxb1 Qf7 24. Rb2 Qa7 25. g3 e4 26. Kg2 Rf5 27. Qc4 Qf7 28. Ne3 Bxe3 29.
Qxf7 Rxf7 30. fxe3 d5 31. b6 Rf6 32. b7 Rxa6 33. Rc2 Rd6 0-1

[Event "GrandPrix_29.05"]
[Site "Chess.com"]
[Date "2020.05.29"]
[Round "1"]
[White "AnotherGrumpy"]
[Black "DenLaz"]
[Result "0-1"]
[WhiteElo "1823"]
[BlackElo "1827"]
[TimeControl "600+2"]
[EndTime "9:18:06 PDT"]
[Termination "DenLaz won by resignation"]

1. d4 d5 2. c4 c6 3. Nc3 Nf6 4. e3 Bf5 5. cxd5 cxd5 6. Qb3 Bc8 7. Nf3 e6 8. Bd3 Nc6 9. O-O Be7 10. Bd2 O-O 11.
Rac1 Bd7 12. Ne5 Na5 13. Qd1 a6 14. g4 g6 15. f4 Nc6 16. f5 Bd6 17. Nxd7 Nxd7 18.
Qf3 Qh4 19. Qg2 gxf5 20. gxf5+ Kh8 21. Kh1 Rg8 22. Qf2 Qh3 23. Rg1 Nxd4 24. Rgf1 Nf3 0-1

[Event "GrandPrix_29.05"]
[Site "Chess.com"]
[Date "2020.05.29"]
[Round "1"]
[White "rim1618"]
[Black "Haapana"]
[Result "1-0"]
[WhiteElo "2474"]
[BlackElo "2387"]
[TimeControl "600+2"]
[EndTime "9:18:10 PDT"]
[Termination "rim1618 won by resignation"]

1. d4 d5 2. Nf3 e6 3. c4 c5 4. cxd5 exd5 5. g3 Nc6 6. Bg2 Nf6 7. O-O Be7 8. Nc3 O-O 9. dxc5 Bxc5 10. b3 h6 11. Bb2 a6 12. e3 Ba7 13. Ne2 Bf5 14.
Nf4 Be4 15. Bxf6 Qxf6 16. Nxd5 Qb2 17. Nd2 Bxd5 18. Bxd5 Rad8 19. Nc4 Qf6 20. Qf3 Qxf3 21. Bxf3 b5 22. Bxc6 bxc4 23. bxc4 Rd2 24. Bd5 Rb8 25.
Rfb1 Rbb2 26. Rxb2 Rxb2 27. Rd1 Kf8 28. Bc6 Bc5 1-0

[Event "GrandPrix_29.05"]
[Site "Chess.com"]
[Date "2020.05.29"]
[Round "1"]
[White "temus_galaktionov"]
[Black "tigra"]
[Result "0-1"]
[WhiteElo "2134"]
[BlackElo "2602"]
[TimeControl "600+2"]
[EndTime "9:18:11 PDT"]
[Termination "tigra won by resignation"]

1. d4 Nf6 2. Nf3 g6 3. c4 Bg7 4. Nc3 d6 5. e4 O-O 6. Be2 e5 7. O-O Nc6 8. d5 Ne7 9. Ne1 Ne8 10. f3 f5 11. g4 c6 12. Nd3 b5 13. b3 bxc4 14.
bxc4 cxd5 15. cxd5 Qb6+ 16. Kg2 fxe4 17. fxe4 Rxf1 18.
Qxf1 Qd4 19. Bg5 Qxc3 20. Bxe7 Ba6 21. Rc1 Qd2 22. Rd1 Qxa2 23. Ra1 Qc4 24. Qf3 Qc7 25. Rxa6 Qxe7 26. Nb4 Bh6 27. Nc6 Qh4 28. Ne7+ Qxe7 0-1

[Event "GrandPrix_29.05"]
[Site "Chess.com"]
[Date "2020.05.29"]
[Round "1"]
[White "tsaruk_maks"]
[Black "Guenplen"]
[Result "1/2-1/2"]
[WhiteElo "2208"]
[BlackElo "1527"]
[TimeControl "600+2"]
[EndTime "9:18:11 PDT"]
[Termination "Game drawn by agreement"]

1. e4 c5 2. Nf3 e6 3. d4 cxd4 4. Nxd4 Nf6 5. Nc3 Nc6 6. Ndb5 Bc5 7. Bf4 O-O 8. Bc7 Qe7 9. Bd6 Bxd6 10. Qxd6 Qd8 11. O-O-O a6 12. Nd4 Na5 13. Nb3 Nxb3+ 14. axb3 b5 15. e5 Ne8 16. Qd4 Rb8 17. Ne4 Bb7 18. Nc5 Bc6 19. Nxd7 Bxd7 20. Qxd7 Qg5+ 21. Kb1 Qxe5 22. Qd4 Qxd4 23. Rxd4 Nf6 24. Be2 e5 25. Rd6 Ne4 26. Rxa6 Nxf2 27. Rf1 Ne4 28. Rd1 1/2-1/2

[Event "GrandPrix_29.05"]
[Site "Chess.com"]
[Date "2020.05.29"]
[Round "1"]
[White "Kiril1965"]
[Black "fujiwara_hoga"]
[Result "1-0"]
[WhiteElo "1854"]
[BlackElo "2182"]
[TimeControl "600+2"]
[EndTime "9:18:13 PDT"]
[Termination "Kiril1965 won by resignation"]

1. d4 Nf6 2. Nf3 g6 3. c3 Bg7 4. Bg5 O-O 5. Nbd2 d5 6. e3 b6 7. b4 c5 8. Be2 c4 9. Ne5 Ne8 10. Nexc4 Bf5 11. Nb2 Nc6 12. O-O f6 13. Bh4 Nd6 14.
Qb3 Be6 15. e4 Ne8 16. exd5 Bxd5 17. Bc4 e6 18. Rfe1 Nc7 19. Bg3 Rc8 20. a4 f5 21.
Nd3 g5 22. Bxc7 Rxc7 23. Bxd5 exd5 24. Nf3 h6 25. Re6 Qd7 26. Rae1 Kh7 27. h3 Rfc8 28. Qb1 Nd8 29. Re7 Qxe7 30. Rxe7 Rxe7 31. Nde5 Rxc3 32.
Qxf5+ Kg8 33. Ng6 Re8 34. Qd7 Re6 35. Qxd8+ Kh7 36. Ne7 1-0

[Event "GrandPrix_29.05"]
[Site "Chess.com"]
[Date "2020.05.29"]
[Round "1"]
[White "fm_magua"]
[Black "Gurvich_Vitaly"]
[Result "0-1"]
[WhiteElo "1763"]
[BlackElo "2328"]
[TimeControl "600+2"]
[EndTime "9:18:15 PDT"]
[Termination "Gurvich_Vitaly won by resignation"]

1. e4 c5 2. Nf3 Nc6 3. d4 cxd4 4. Nxd4 e5 5. Nb5 d6 6. N1c3 a6 7. Na3 b5 8. Nd5 Nge7 9. Bg5 h6 10. Bh4 Qa5+ 11. c3 Nxd5 12. exd5 Nd4 13. Bd3 Nf5 14. Bg3 h5 15. f4 h4 16. Bf2 exf4 17. Qf3 g5 18.
O-O-O Bg7 19. Rhe1+ Kf8 20. g4 hxg3 21. hxg3 Be5 22.
Rxe5 dxe5 23. d6 Rb8 24. Bc5 Be6 25. Qe4 f6 26. g4 Nh4 27. Qc6 Kg7 28. d7 Bxg4 29.
Be7 Rh6 30. Rg1 Bf3 31. Bxf6+ Rxf6 32. Rxg5+ Kf7 33. Qc8 Qd8 34. Bc4+ bxc4 35. Qxc4+ Re6 36. Rxe5 Qxd7 37. Qxf4+ Rf6 38. Qc4+ Kg6 0-1

[Event "GrandPrix_29.05"]
[Site "Chess.com"]
[Date "2020.05.29"]
[Round "1"]
[White "FCLitras"]
[Black "Tyoma88888"]
[Result "1/2-1/2"]
[WhiteElo "1529"]
[BlackElo "2211"]
[TimeControl "600+2"]
[EndTime "9:18:23 PDT"]
[Termination "Game drawn by repetition"]

1. d4 d5 2. c4 e6 3. Nf3 Nf6 4. g3 Be7 5. Bg2 O-O 6. O-O dxc4 7. Qc2 a6 8. a4 Bd7 9. Qxc4 Bc6 10. Bf4 a5 11.
Nc3 Na6 12. Rfd1 Nb4 13. Ne5 Bxg2 14. Kxg2 c6 15. Rac1 Rc8 16. e4 Nd7 17. Nxd7 Qxd7 18. Be3 Rfd8 19. Qe2 f5 20. f3 Kh8 21. h4 Bf6 22. e5 Be7 23. Bg5 h6 24. Bxe7 Qxe7 25. f4 Nd5 26. Qe1 Rc7 27. Na2 Rcd7 28. Kh3 Nb4 29. Nxb4 axb4 30. Rc4 c5 31. Rxc5 Rxd4 32. Rxd4 Rxd4 33. Rc8+ Kh7 34. Qc1 Qd7 35. Qc5 Rd1 36.
Rc7 Rh1+ 37. Kg2 Qd1 38. Rxg7+ Kxg7 39. Qe7+ Kg8 40. Qe8+ Kg7 41. Qe7+ Kg8 42. Qe8+ Kg7 43. Qe7+ 1/2-1/2

[Event "GrandPrix_29.05"]
[Site "Chess.com"]
[Date "2020.05.29"]
[Round "1"]
[White "VSanduleac"]
[Black "Kostya_Nikologorskiy"]
[Result "1-0"]
[WhiteElo "2317"]
[BlackElo "2275"]
[TimeControl "600+2"]
[EndTime "9:18:42 PDT"]
[Termination "VSanduleac won by resignation"]

1. e4 e6 2. Qe2 c5 3. Nf3 Nc6 4. g3 g6 5. Bg2 Bg7 6. O-O Nge7 7.
c3 O-O 8. Rd1 d5 9. e5 d4 10. d3 Qc7 11. cxd4 cxd4 12. Bf4 Nd5 13. Na3 Nxf4 14. gxf4 a6 15. Rac1 Qe7 16. Nc4 f6 17.
Qe4 f5 18. Qe2 Bh6 19. Qd2 Bd7 20. h4 Rad8 21. Ng5 Bg7 22. Nd6 h6 23. Nf3 Rb8 24. Rc2 Rfd8 25. b4 Bf8 26. a3 Qg7 27. Nc4 b5 28.
Nd6 Bxd6 29. exd6 Be8 30. Rdc1 Rxd6 31. Qe2 Rbd8 32. Rc5 Ne7 33. Rc7 Bc6 34. R1xc6 Rxc6 35. Rxc6 Nxc6 36. Qxe6+ Kh7 37. Qxc6 Qe7 38. Ne5 Rd6 39. Qc5 Re6 40. Bd5 Rd6 41. Bf7 g5 42. Bg6+ Kg7 43.
Bxf5 gxf4 44. Be4 Kf6 45. Ng6 Qe6 46. Nxf4 Qg4+ 47. Ng2 Rd8 48. Qb6+ Ke7 49. Qc7+ Rd7 50.
Qe5+ Kd8 51. Bf5 Qd1+ 52. Kh2 Rf7 53. Qd6+ Ke8 54. Bg6 1-0

[Event "GrandPrix_29.05"]
[Site "Chess.com"]
[Date "2020.05.29"]
[Round "1"]
[White "Vuk2000"]
[Black "EvgenyPigusov"]
[Result "0-1"]
[WhiteElo "2252"]
[BlackElo "2290"]
[TimeControl "600+2"]
[EndTime "9:18:49 PDT"]
[Termination "EvgenyPigusov won by resignation"]

1. d4 Nf6 2. Bg5 e6 3. e4 h6 4. Bxf6 Qxf6 5. c3 d6 6. Bd3 g6 7. Ne2 Bg7 8. O-O Qe7 9. f4 e5 10. Nd2 exd4 11. Nxd4 O-O 12. N2f3 Nd7 13. Re1 a6 14. Qd2 Nc5 15. Bc2 Ne6 16. Re3 Nxf4 17. Rae1 Be5 18. Bb3 Kg7 19. Qf2 Bd7 20. Nh4 Kh7 21.
Kh1 Rac8 22. Rf3 c5 23. Ne2 Nxe2 24. Rxe2 c4 25. Bc2 Bg4 26. Rd2 Bxf3 27. Nxf3 b5 28. Rd5 Kg7 29. a3 Rb8 30. Qd2 a5 31. Bd1 Rfc8 32. a4 b4 33. Rxa5 bxc3 34. bxc3 Rb1 35. Rd5 Rc5 36. Rxc5 dxc5 37. Qc2 Ra1 38. Kg1 Qd6 39.
Nxe5 Rxd1+ 0-1

[Event "GrandPrix_29.05"]
[Site "Chess.com"]
[Date "2020.05.29"]
[Round "1"]
[White "TimofeevAr"]
[Black "payto1"]
[Result "1/2-1/2"]
[WhiteElo "2380"]
[BlackElo "2182"]
[TimeControl "600+2"]
[EndTime "9:18:53 PDT"]
[Termination "Game drawn - insufficient material"]

1. c4 e5 2. e3 Nc6 3. Nc3 g6 4.
g3 Bg7 5. Bg2 d6 6. Nge2 Nge7 7.
d3 O-O 8. O-O Be6 9. h3 d5 10.
cxd5 Nxd5 11. a3 Qd7 12. Kh2 Rad8 13. Ne4 Qe7 14. Qc2 Bc8 15. N2c3 Nxc3 16. Nxc3 Be6 17. b4 a6 18. Bb2 f5 19. Ne2 Bd5 20. e4 Be6 21.
exf5 Bxf5 22. Rad1 h6 23. b5 axb5 24. Qb3+ Kh7 25. Qxb5 Bd7 26. Qb3 b6 27. Qc2 Qd6 28. Rc1 Ne7 29. Qxc7 Qxd3 30. Nc3 Nf5 31. Ne4 Nd4 32.
Bxd4 exd4 33. Qxb6 Qxa3 34. Nc5 Bf5 35. Ne6 Bxe6 36. Qxe6 Qd6 37. Qxd6 Rxd6 38. Rc7 d3 39. f4 d2 40. Rd1 Re8 41. Bf3 Re1 42. Rc2 Rd3 43. Bg4 h5 44. Bxh5 gxh5 45. Rdxd2 Rxd2+ 46. Rxd2 Re3 47. Kg2 Kg6 48. Rd5 Bf6 49. Rb5 h4 50.
gxh4 Bxh4 51. Rd5 Rg3+ 52. Kh2 Rf3 53. Rd4 Rf2+ 54. Kg1 Ra2 55. Rd5 Bg3 56. Rg5+ Kf6 57. Rxg3 Kf5 58. Rg4 Rb2 59. Kf1 Ra2 60. Kg1 Rb2 61.
Rg2 Rxg2+ 62. Kxg2 Kxf4 63. h4 Kf5 64. h5 Kg5 65. h6 Kxh6 1/2-1/2

[Event "GrandPrix_29.05"]
[Site "Chess.com"]
[Date "2020.05.29"]
[Round "1"]
[White "kosmeg"]
[Black "tornikesanikidze"]
[Result "0-1"]
[WhiteElo "2160"]
[BlackElo "1847"]
[TimeControl "600+2"]
[EndTime "9:19:01 PDT"]
[Termination "tornikesanikidze won on time"]

1. d4 d5 2. c4 e6 3. Nf3 Nf6 4. g3 dxc4 5. Bg2 Nc6 6. Qa4 Bb4+ 7. Bd2 Nd5 8. Bxb4 Nxb4 9. O-O Rb8 10. Na3 O-O 11. Qb5 b6 12. Qxc4 Ba6 13. Nb5 Qd5 14. Qxd5 Nxd5 15. a4 Na5 16. Nd2 c6 17. Bxd5 exd5 18.
Nc3 Rfe8 19. b4 Nc4 20. Nxc4 Bxc4 21. Rfe1 a5 22. bxa5 bxa5 23. e4 f6 24. exd5 Rxe1+ 25. Rxe1 cxd5 26. Rb1 Rb4 27. f3 Bd3 28. Rd1 Bc2 29.
Rd2 Bb3 30. Kf2 Kf7 31. Ke3 Ke6 32. Rb2 Bc4 33. Rb1 g5 34. Kd2 Kd6 35. Kc2 Kc6 36. Re1 Bb3+ 37. Kd3 Kd7 38. Rb1 h5 39. Kd2 h4 40. Kd3 Ke6 41. Re1+ Kf5 42. Re7 Bc4+ 43. Kc2 Bb3+ 44. Kd3 Bxa4 45. Nxd5 Bb5+ 46. Kc3 Rc4+ 47. Kb3 Rxd4 48. Ne3+ Kg6 49. g4 Rd7 50. Rxd7 Bxd7 51. Kc4 Bc6 52. Nf5 Bxf3 0-1

[Event "GrandPrix_29.05"]
[Site "Chess.com"]
[Date "2020.05.29"]
[Round "1"]
[White "MasterSonnevanck2"]
[Black "Herracek"]
[Result "0-1"]
[WhiteElo "1994"]
[BlackElo "2456"]
[TimeControl "600+2"]
[EndTime "9:19:05 PDT"]
[Termination "Herracek won by resignation"]

1. d4 Nf6 2. c4 e5 3. dxe5 Ng4 4. Bf4 g5 5. Bg3 Bg7 6. Nf3 Nc6 7. h4 Ngxe5 8.
Nxe5 Nxe5 9. hxg5 Nxc4 10. Nc3 c6 11. Qb3 d5 12. e3 Qxg5 13. Bxc4 dxc4 14. Qxc4 Be6 15.
Qd3 Rd8 16. Qe4 Qa5 17. O-O Rd2 18. Qf4 O-O 19. Ne4 Rxb2 20. Nf6+ Kh8 21. Qh4 Bf5 22. Nh5 Rb4 23. Bf4 Bb2 24. Rab1 Bxb1 25. Rxb1 Qf5 26. Rd1 Rb5 27. Qe7 Rg8 28. Ng3 Qe6 29. Qc7 Bf6 30.
Rd7 Rb1+ 31. Kh2 Qg4 0-1

[Event "GrandPrix_29.05"]
[Site "Chess.com"]
[Date "2020.05.29"]
[Round "1"]
[White "Grandelicious"]
[Black "Paulz64"]
[Result "1-0"]
[WhiteElo "2703"]
[BlackElo "2158"]
[TimeControl "600+2"]
[EndTime "9:19:08 PDT"]
[Termination "Grandelicious won by resignation"]

1. Nf3 Nf6 2. g3 d5 3. Bg2 c6 4.
O-O Bg4 5. h3 Bh5 6. c4 e6 7. cxd5 exd5 8. d4 Bxf3 9. exf3 Be7 10. Nc3 O-O 11. h4 Na6 12. Re1 Nc7 13. Bh3 Bd6 14. Qd3 Re8 15. Bd2 Ne6 16. Ne2 a5 17. Kg2 Qb6 18. Bc3 Re7 19. Qd2 Bb4 20.
Nc1 Rae8 21. Nd3 Bxc3 22. bxc3 Qc7 23. a4 Nd7 24. Qb2 Ndf8 25. Rab1 Ng6 26. Bxe6 fxe6 27.
Nc5 e5 28. Qxb7 Qd6 29. Qb6 Qf6 30. dxe5 Nxe5 31. f4 Nc4 32. Rxe7 Rxe7 33. Qd8+ Kf7 34. Rb8 h5 35. Qh8 Qf5 36. Rf8+ 1-0

[Event "GrandPrix_29.05"]
[Site "Chess.com"]
[Date "2020.05.29"]
[Round "1"]
[White "maciek_92"]
[Black "CHESSMASTER759"]
[Result "1-0"]
[WhiteElo "2541"]
[BlackElo "2047"]
[TimeControl "600+2"]
[EndTime "9:19:12 PDT"]
[Termination "maciek_92 won by resignation"]

1. e4 d6 2. d4 Nf6 3. Nc3 e5 4. Nf3 Nbd7 5. Bc4 Be7 6. O-O O-O 7. Re1 c6 8. a4 a5 9. h3 Nb6 10. Bf1 exd4 11. Nxd4 d5 12. e5 Ne8 13. Qf3 g6 14.
Bh6 Ng7 15. Rad1 Bg5 16. Bxg5 Qxg5 17. g3 Nd7 18. h4 Qd8 19. Qf4 Nc5 20. Nf3 f6 21. Qe3 Nce6 22. Ne4 f5 23. Nf6+ Kh8 24. Qh6 Rxf6 25. exf6 Qxf6 26. Ng5 Nxg5 27. hxg5 Qf7 28. f4 Bd7 29. Re5 Ne6 30. Rde1 Re8 31. b3 b6 32. Qh2 Nc5 33. Qd2 Be6 34. Qd4 Kg8 35. Bd3 Nd7 36.
R5e2 Nc5 37. b4 axb4 38. Qxb4 Ne4 39. Qxb6 c5 40. Bxe4 fxe4 41. a5 Bg4 42. Re3 Bf3 43. Qxc5 Rd8 44. c3 Qd7 45. Kf2 Qh3 46. Rxf3 Qh2+ 47. Ke3 exf3 48. Kxf3 d4 49. Qe7 Rf8 50. Qe6+ Kh8 51. Qe5+ Kg8 52. Qd5+ Rf7 53. Re8+ 1-0

[Event "GrandPrix_29.05"]
[Site "Chess.com"]
[Date "2020.05.29"]
[Round "1"]
[White "haddinibilbaoo"]
[Black "jncool68"]
[Result "1-0"]
[WhiteElo "2142"]
[BlackElo "2056"]
[TimeControl "600+2"]
[EndTime "9:19:13 PDT"]
[Termination "haddinibilbaoo won by resignation"]

1. d4 Nf6 2. Nf3 e6 3. Bf4 d5 4. e3 Bd6 5. Nbd2 O-O 6. Bd3 c5 7. c3 Bxf4 8. exf4 cxd4 9. Nxd4 Nc6 10. N2f3 Qc7 11. g3 Ne4 12. O-O f5 13. Rc1 Qb6 14. Qb3 Bd7 15. Qxb6 axb6 16. a3 Nc5 17. Be2 Rfc8 18.
c4 Ne7 19. Ne5 Rd8 20. cxd5 Nxd5 21. Bc4 Be8 22. Rfd1 Bf7 23. Nb5 Rac8 24. Bxd5 exd5 25. b4 Ne4 26. Rxc8 Rxc8 27. Nxf7 Kxf7 28. f3 Nc3 29.
Nxc3 Rxc3 30. Rxd5 Ke6 31. Rb5 Rc6 32. a4 g6 33. Kg2 Kd6 34. g4 fxg4 35. fxg4 Rc2+ 36. Kg3 Kc6 37. f5 gxf5 38. Rxf5 Ra2 39. a5 bxa5 40.
bxa5 Kd6 41. h4 Ke6 42. Rb5 h6 43. h5 Kf6 44. Rb6+ Kg7 45. Rxb7+ Kg8 46. Ra7 Ra4 47. a6 Kh8 48. Kf3 Kg8 49. Ke3 Rxg4 50. Rb7 1-0

[Event "GrandPrix_29.05"]
[Site "Chess.com"]
[Date "2020.05.29"]
[Round "1"]
[White "VojtechPlat"]
[Black "A_N_D-R_E_I"]
[Result "1-0"]
[WhiteElo "2574"]
[BlackElo "2125"]
[TimeControl "600+2"]
[EndTime "9:19:14 PDT"]
[Termination "VojtechPlat won by resignation"]

1. e4 c5 2. Nf3 Nc6 3. c3 Nf6 4. e5 Nd5 5. Bc4 Nb6 6. Bb3 c4 7. Bc2 d6 8. exd6 e5 9. O-O Bxd6 10. h3 O-O 11. Re1 f5 12. d3 cxd3 13. Bb3+ Kh8 14.
Ng5 Qf6 15. Qh5 h6 16. Nf7+ Kh7 17. Nd2 e4 18. Rxe4 Qg6 19. Qxg6+ Kxg6 20. Nxd6 fxe4 21. N2xe4 Na5 22. Bd2 Nxb3 23. axb3 a6 24. c4 Nd7 25. Bc3 Nf6 26. Nxf6 gxf6 27. Rd1 Rd8 28. Rxd3 Be6 29. Rg3+ Kh7 30. Ne4 h5 31. Nxf6+ Kh6 32. Be5 Bg4 33. hxg4 Rd1+ 34. Kh2 h4 35. Rh3 Kg6 36. Rxh4 Rd2 37. f4 Rd3 38. f5+ 1-0

[Event "GrandPrix_29.05"]
[Site "Chess.com"]
[Date "2020.05.29"]
[Round "1"]
[White "StephenDedalus83"]
[Black "Eltaj_Safarli"]
[Result "0-1"]
[WhiteElo "2147"]
[BlackElo "2729"]
[TimeControl "600+2"]
[EndTime "9:19:17 PDT"]
[Termination "Eltaj_Safarli won by resignation"]

1. e4 c5 2. Nf3 Nc6 3. d4 cxd4 4. Nxd4 Nf6 5. Nc3 e6 6. a3 Be7 7. Be2 O-O 8. O-O d6 9. Be3 a6 10. f4 Qc7 11. Kh1 Nxd4 12. Qxd4 e5 13. Qd3 exf4 14. Bxf4 Be6 15. Rad1 Rfd8 16. Qg3 Ne8 17. e5 Qb6 18. Na4 Qc6 19. Nc3 dxe5 20. Bxe5 Rxd1 21. Rxd1 Rd8 22. Rxd8 Bxd8 23. Bd3 g6 24. Be4 Qb6 25. Ne2 Bf6 26. Bd3 Qc5 27. Bxf6 Nxf6 28. Nf4 Bd7 29.
h3 Bc6 30. Kh2 Kg7 31. Ne2 Nh5 32. Qg4 Qe5+ 33. Kg1 Qxb2 34. Nd4 Qxa3 35. Nf5+ Kf8 36. Qg5 Qa1+ 37. Kf2 Qf6 38. Qh6+ Ng7 39. Kg1 Qa1+ 40. Kf2 gxf5 0-1

[Event "GrandPrix_29.05"]
[Site "Chess.com"]
[Date "2020.05.29"]
[Round "1"]
[White "SergeyVashchilov"]
[Black "Lukianoo"]
[Result "0-1"]
[WhiteElo "2154"]
[BlackElo "2614"]
[TimeControl "600+2"]
[EndTime "9:19:19 PDT"]
[Termination "Lukianoo won by resignation"]

1. e4 c6 2. d4 d5 3. e5 Bf5 4. Ne2 e6 5. Ng3 Bg6 6. h4 h6 7. h5 Bh7 8. Bd3 Bxd3 9. cxd3 Ne7 10. Be3 Nd7 11. f4 g6 12. hxg6 fxg6 13. Qg4 Kf7 14. Nd2 Bg7 15. O-O Qe8 16. Nf3 Nf5 17.
Nxf5 exf5 18. Qg3 Nf8 19. e6+ Nxe6 20. Ne5+ Bxe5 21. fxe5 Ke7 22. b4 a6 23. a4 Qf7 24.
Qe1 g5 25. b5 Rhc8 26. Qb4+ Ke8 27. Rac1 f4 28. Bf2 Qe7 29. Qb3 axb5 30. axb5 Ra3 31. Qd1 Qf7 32. Qd2 Kf8 33. bxc6 bxc6 34. Qb4+ Qe7 35. Qb6 Qc7 36. Qb4+ Qe7 37. Qb6 Qa7 38. Qb4+ Kf7 39. Qd6 Ra6 40. g3 Qe7 41. Qxe7+ Kxe7 42. Rb1 Rc7 43. Be1 Nxd4 44. gxf4 Ne2+ 45. Kh2 Nxf4 46. d4 Ke6 47. Rf2 Ra4 48. Rd1 c5 49. Rc2 c4 50.
Bg3 c3 51. Rf1 Rxd4 52. Bxf4 Rxf4 53. Re1 d4 0-1